 Dungeon Crawl Stone Soup version 0.21.1-1-g345015f (webtiles) character file.

756 Kagorn the Sneak (level 7, 0/52 HPs)
             Began as a Vampire Fighter on June 4, 2018.
             Slain by an ogre
             ... wielding a +0 giant club
              (20 damage)
             ... on level 3 of the Dungeon.
             The game lasted 00:45:25 (5422 turns).

Kagorn the Sneak (Vampire Fighter)                  Turns: 5422, Time: 00:45:27

Health: 0/52       AC: 10    Str: 16    XL:     7   Next: 50%
Magic:  11/11      EV:  5    Int: 11    God:
Gold:   231        SH:  9    Dex: 14    Spells: 12/12 levels left

rFire    . . .     SeeInvis +   t - +0 dagger (drain)
rCold    . . .     Gourm    +   c - +0 shield
rNeg     . . .     Faith    .   g - +0 chain mail
rPois    +         Spirit   .   k - +0 helmet
rElec    .         Reflect  .   (no cloak)
rCorr    .         Harm     .   (no gloves)
MR       .....                  (no boots)
Stlth    ..........             b - amulet of the gourmand
HPRegen  0.37/turn              r - ring of poison resistance
MPRegen  0.12/turn              (no ring)

@: regenerating quickly
A: fangs 3, see invisible, unbreathing
a: no special abilities


You were on level 3 of the Dungeon.
You were full.

You visited 1 branch of the dungeon, and saw 4 of its levels.

You collected 231 gold pieces.

Inventory:

Hand Weapons
 a - a +0 war axe
 h - a +2 halberd of chopping
 n - a +0 hunting sling
 t - a +0 dagger of draining (weapon)
Missiles
 o - 91 stones
 p - 6 poisoned javelins (quivered)
Armour
 c - a +0 shield (worn)
 g - a +0 chain mail (worn)
 k - a +0 helmet (worn)
Jewellery
 b - an amulet of the gourmand (around neck)
 r - a ring of poison resistance (left hand)
Scrolls
 e - a scroll of remove curse {unknown}
Potions
 d - a potion of might
 f - 3 potions of curing
 i - 2 potions of flight
 j - 24 potions of blood


   Skills:
 + Level 3.2 Fighting
 + Level 2.1 Short Blades
 + Level 2.7 Axes
 * Level 2.1(2.4) Slings
 * Level 1.7(2.2) Throwing
 + Level 3.2 Armour
 + Level 1.0 Dodging
 * Level 4.9 Stealth
 + Level 3.6 Shields
 * Level 3.0 Spellcasting


You had 12 spell levels left.
You didn't know any spells.

Dungeon Overview and Level Annotations

Branches:
Dungeon (4/15)
 Temple: D:4-7

Altars:
Kikubaaqudgha
Okawaru
Ru


Innate Abilities, Weirdness & Mutations

Your natural rate of healing is unusually fast.
You have razor-sharp teeth.
You have supernaturally acute eyesight. (SInv)
You can survive without breathing.


Message History

The scorpion stings you.
You see here a ring mail.
You block the scorpion's attack.
There is a stone staircase leading up here.
The scorpion closely misses you. The ogre hits you with a giant club!
* * * LOW HITPOINT WARNING * * *
You climb upwards.
There is a stone staircase leading down here.
As you read the scroll of fog, it crumbles to dust.
The scroll dissolves into smoke.
The scorpion stings you but does no damage.
You hit the ogre but do no damage. You drain the ogre!
The ogre is severely wounded.
The ogre hits you with a giant club.
* * * LOW HITPOINT WARNING * * *
You block the scorpion's attack.
It was a potion of curing.
You feel better.
The scorpion stings you but does no damage.
The ogre hits you with a giant club!!
You die...

# # # # ## # #
##8###8# #
###8§..8...8#######
####s§.......##.....
#.#@§§......._#.####
#.##O§.......#####..
#.##8...8...8#####..
#.# ##8###8## #.##..
#.# ## # #.##.. #.#
#..#.. #.# ##.#..
#.# ######.### #.#
#.........


You could see an ogre and a scorpion.

Vanquished Creatures
  The ghost of voodoowoodoo the Skirmisher, an amateur HuFi (D:3)
  A gnoll sergeant (D:3)
  A hound (D:4)
  3 gnoll shamans
  A worker ant (D:4)
  29 gnolls
  2 adders (D:3)
  An ooze (D:1)
  A worm (D:4)
  3 dart slugs (D:1)
  2 leopard geckos (D:1)
  5 orcs
  A bat (D:1)
  2 giant cockroaches
  7 goblins
  7 hobgoblins
  31 jackals
  2 ball pythons
  5 frilled lizards
  12 kobolds
  2 leopard gecko skeletons
  6 rats
  2 plants (D:3)
127 creatures vanquished.

Notes
Turn   | Place    | Note
-------+----------+-------------------------------------------
     0 | D:1      | Kagorn the Vampire Fighter began the quest for the Orb.
     0 | D:1      | Reached XP level 1. HP: 17/17 MP: 1/1
   472 | D:1      | Reached XP level 2. HP: 18/23 MP: 2/2
   519 | D:1      | Reached skill level 1 in Stealth
   976 | D:1      | Reached skill level 1 in Spellcasting
   991 | D:1      | Reached XP level 3. HP: 26/28 MP: 4/4
  1433 | D:1      | You fall through a shaft!
  2706 | D:3      | Reached skill level 2 in Stealth
  2706 | D:3      | Reached XP level 4. HP: 26/34 MP: 5/5
  2921 | D:3      | Noticed voodoowoodoo's ghost (amateur HuFi)
  3007 | D:3      | Killed voodoowoodoo's ghost
  3007 | D:3      | Reached skill level 1 in Slings
  3007 | D:3      | Reached skill level 3 in Stealth
  3007 | D:3      | Reached XP level 5. HP: 14/41 MP: 7/7
  3278 | D:3      | Reached XP level 6. HP: 36/47 MP: 8/8
  3295 | D:3      | Reached skill level 1 in Throwing
  3315 | D:3      | Found a sacrificial altar of Ru.
  3373 | D:3      | Reached skill level 1 in Short Blades
  3569 | D:3      | Found an ancient bone altar of Kikubaaqudgha.
  3631 | D:3      | Reached skill level 1 in Dodging
  3695 | D:3      | Found an iron altar of Okawaru.
  3739 | D:3      | Reached skill level 4 in Stealth
  3886 | D:2      | Reached XP level 7. HP: 36/52 MP: 10/10
  5422 | D:3      | Slain by an ogre

Skill      XL: |  1  2  3  4  5  6  7 |
---------------+----------------------+-----
Axes           | 2 |  2.7
Stealth        | 1 2 3 4 |  4.9
Spellcasting   | 1 2 3 |  3.0
Shields        | 3 |  3.6
Fighting       | 3 |  3.2
Slings         | 1 2 |  2.1
Throwing       | 1 |  1.7
Armour         | 3 |  3.2
Short Blades   | 1 2 |  2.1
Dodging        | 1 |  1.0

Action                   |  1- 3 |  4- 6 |  7- 9 || total
-------------------------+-------+-------+-------++-------
Melee: War axe           |   163 |       |       ||   163
       Bite              |    15 |    40 |    40 ||    95
       Dagger            |    11 |   284 |   262 ||   557
 Abil: End Transformatio |       |       |     1 ||     1
       Bat Form          |       |       |     1 ||     1
  Use: Potion            |     9 |     8 |     9 ||    26
       Scroll            |     6 |     1 |     1 ||     8
Armor: Scale mail        |    10 |       |       ||    10
       Chain mail        |   109 |   135 |    74 ||   318
Dodge: Dodged            |    39 |    48 |    26 ||   113
Block: Shield            |   104 |   132 |    79 ||   315
